[Event "*** SCC Grand Prix: Titled Tuesday Blitz"]
[Site "Chess.com"]
[Date "2020.06.09"]
[Round "9"]
[White "tigra"]
[Black "LyonBeast"]
[Result "0-1"]
[WhiteElo "2752"]
[BlackElo "2979"]
[TimeControl "180+1"]
[EndTime "10:45:42 PDT"]
[Termination "LyonBeast won by resignation"]

1. e4 c5 2. Na3 g6 3. c3 Bg7 4. Nf3 Nf6 5. e5 Nd5 6. d4 cxd4 7. Qxd4 Nc7 8. Qh4 h6 9. Qg3 Nc6 10. Bd3 Ne6 11. O-O b6 12. Bd2 Bb7 13. Rfe1 O-O 14. Rad1 a6 15. h4 h5 16. Nc2 Qc7 17. Ncd4 Ncxd4 18. Nxd4 Rad8 19. Bc1 Rfe8 20. Bb1 Qc8 21. Nf3 Bxf3 22.
Qxf3 d6 23. exd6 Rxd6 24. Rxd6 exd6 25. Rd1 Qc4 26. g3 Qc7 27. Qd5 Bf8 28. Re1 Qc8 29. Bc2 Nc7 30. Qf3 Rxe1+ 0-1

[Event "*** SCC Grand Prix: Titled Tuesday Blitz"]
[Site "Chess.com"]
[Date "2020.06.09"]
[Round "9"]
[White "Colchonero64"]
[Black "Volodar_Murzin"]
[Result "1-0"]
[WhiteElo "2986"]
[BlackElo "2734"]
[TimeControl "180+1"]
[EndTime "10:45:44 PDT"]
[Termination "Colchonero64 won by resignation"]

1. d4 Nf6 2. Nf3 g6 3. Bf4 Bg7 4. e3 O-O 5. h3 d6 6. Be2 Nbd7 7. O-O b6 8. c4 Bb7 9. Nc3 Ne4 10. Nxe4 Bxe4 11. Bh2 Qb8 12. Nd2 Bb7 13. Qc2 c5 14.
d5 b5 15. e4 b4 16. Kh1 a5 17. a4 bxa3 18. Rxa3 Qc7 19. b3 Rfb8 20. Nb1 Ba6 21. Nc3 Rb4 22. Rfa1 Bc8 23. R1a2 Nf6 24. Bd3 Bd7 25.
Bf4 Be8 26. Bd2 Rbb8 27. Nb5 Bxb5 28. cxb5 Nd7 29. Rxa5 Rxa5 30. Rxa5 Bd4 31. Be1 h5 32.
Bc4 Kg7 33. Qa2 Ne5 34. Ra7 Qd8 35. f4 Ng4 36. hxg4 hxg4 37. g3 Qh8+ 38. Qh2 Qf8 39. Qh4 Ra8 40. Ra6 1-0

[Event "*** SCC Grand Prix: Titled Tuesday Blitz"]
[Site "Chess.com"]
[Date "2020.06.09"]
[Round "9"]
[White "Shtembuliak"]
[Black "VincentKeymer"]
[Result "0-1"]
[WhiteElo "2841"]
[BlackElo "2778"]
[TimeControl "180+1"]
[EndTime "10:45:44 PDT"]
[Termination "VincentKeymer won on time"]

1. c4 e6 2. Nc3 d5 3. d4 Nf6 4.
cxd5 Nxd5 5. e4 Nxc3 6. bxc3 c5 7. Nf3 cxd4 8. cxd4 Bb4+ 9. Bd2 Bxd2+ 10. Qxd2 O-O 11. Bc4 Nd7 12. O-O b6 13. Rad1 Bb7 14. Rfe1 Rc8 15.
Bb3 h6 16. h3 Nf6 17. Qf4 Qc7 18. Qh4 b5 19. d5 exd5 20. exd5 Qd6 21. Nd4 Qd7 22. d6 Rfe8 23. Qf4 Be4 24. f3 Bg6 25. Rxe8+ Nxe8 26. Nxb5 Qxb5 27. d7 Rd8 28. dxe8=Q+ Rxe8 29. Rd6 Kh7 30. Kh2 Re7 0-1

[Event "*** SCC Grand Prix: Titled Tuesday Blitz"]
[Site "Chess.com"]
[Date "2020.06.09"]
[Round "9"]
[White "theblitzchamp"]
[Black "NIGWAPO"]
[Result "1-0"]
[WhiteElo "2692"]
[BlackElo "2554"]
[TimeControl "180+1"]
[EndTime "10:45:44 PDT"]
[Termination "theblitzchamp won by resignation"]

1. d4 Nf6 2. Bf4 g6 3. Nc3 Bg7 4. e4 O-O 5. Qd2 c5 6. d5 d6 7. h4 h5 8. f3 Qb6 9. O-O-O Na6 10. Bh6 Bh8 11. Bxf8 Kxf8 12. g4 Bxg4 13. Na4 Qc7 14. fxg4 Nxg4 15. Nf3 Nb4 16. a3 b5 17. Bxb5 Qa5 18.
c4 Nd3+ 19. Qxd3 Nf2 20. Qd2 Qxd2+ 21. Nxd2 a6 22. Bc6 Rb8 23. b3 Bf6 24. Kc2 Kg7 25. Rdf1 Nxh1 26. Rxh1 Kh6 27. Nf3 e5 28. dxe6 fxe6 29.
Rd1 Be7 30. e5 1-0

[Event "*** SCC Grand Prix: Titled Tuesday Blitz"]
[Site "Chess.com"]
[Date "2020.06.09"]
[Round "9"]
[White "Aradej"]
[Black "DenLaz"]
[Result "0-1"]
[WhiteElo "2501"]
[BlackElo "2659"]
[TimeControl "180+1"]
[EndTime "10:45:45 PDT"]
[Termination "DenLaz won by resignation"]

1. d4 d5 2. Nf3 Nf6 3. e3 c6 4. Bd3 Bg4 5. Nbd2 Nbd7 6. h3 Bh5 7. O-O e5 8. dxe5 Nxe5 9. Be2 Nxf3+ 10. Nxf3 Bd6 11.
c4 dxc4 12. Bxc4 Qe7 13. Be2 Ne4 14. Qc2 O-O 15. Nd4 Bxe2 16. Qxe2 Qe5 17. Nf3 Qf6 18. Qc2 Rfe8 19. Rd1 Rad8 20. Bd2 Nxd2 21. Rxd2 Bb4 22. Rd4 Rxd4 23. Nxd4 Ba5 24. Rd1 g6 25. b3 Kg7 26.
g3 Bb6 27. h4 Rd8 28. Ne2 Rxd1+ 29. Qxd1 Qb2 30. a4 Bc7 31. Qd3 Be5 32. Kg2 h5 33. Ng1 Bf6 34. Ne2 a5 35. Qc4 Qe5 36. Qc2 Qd5+ 37.
e4 Qd6 38. f4 Qe6 39. e5 Be7 40. Kf3 Qd5+ 41. Kf2 Bc5+ 42. Ke1 Be3 0-1

[Event "*** SCC Grand Prix: Titled Tuesday Blitz"]
[Site "Chess.com"]
[Date "2020.06.09"]
[Round "9"]
[White "dretch"]
[Black "LiemLe"]
[Result "1-0"]
[WhiteElo "2833"]
[BlackElo "2893"]
[TimeControl "180+1"]
[EndTime "10:45:47 PDT"]
[Termination "dretch won by resignation"]

1. d4 f5 2. g3 Nf6 3. Bg2 g6 4. c4 Bg7 5. Nc3 O-O 6. Nf3 d6 7. O-O c6 8. b4 e5 9. dxe5 dxe5 10. Bb2 e4 11. Nd4 Ng4 12. Na4 Na6 13. b5 Nc7 14.
bxc6 bxc6 15. Nxc6 Qe8 16. Bxg7 Kxg7 17. Qd6 Na6 18.
Rfd1 Rf6 19. Qe7+ Qxe7 20. Nxe7 Rf7 21. Nd5 Bd7 22. Nac3 Rc8 23. Nb5 Be6 24. Nd6 Rc5 25.
Nxf7 Kxf7 26. Rac1 Ne5 27. Ne3 Ke7 28. f3 exf3 29. exf3 Nxc4 30. Nxc4 Rxc4 31. Rxc4 Bxc4 32. Bf1 Bxf1 33. Kxf1 Nb4 34. Rd4 Nc6 35. Rc4 Kd6 36. Ke2 Kd5 37. Ra4 a5 38. Kd2 g5 39. h4 h6 40. hxg5 hxg5 41. Ra3 Kc4 42. Rc3+ Kd5 43. Ke3 Ne5 44. Rc8 Nc4+ 45. Kd3 Ne5+ 46. Ke2 g4 47.
fxg4 Nxg4 48. Ra8 Nf6 49. Rxa5+ Ke4 50. Ra4+ Ke5 51. Kf3 Ne4 52. Ra5+ Ke6 53. Kf4 1-0

[Event "*** SCC Grand Prix: Titled Tuesday Blitz"]
[Site "Chess.com"]
[Date "2020.06.09"]
[Round "9"]
[White "Oleksandr_Bortnyk"]
[Black "aNaartjieZA"]
[Result "0-1"]
[WhiteElo "2910"]
[BlackElo "2600"]
[TimeControl "180+1"]
[EndTime "10:45:49 PDT"]
[Termination "aNaartjieZA won on time"]

1. e4 e6 2. Nf3 d5 3. e5 c5 4. b4 d4 5. bxc5 Nc6 6. Bd3 Bxc5 7.
O-O Nge7 8. Qe2 a6 9. a4 Nd5 10.
Qe4 Nde7 11. Ba3 Bxa3 12. Nxa3 Qd5 13. Nc4 Qxe4 14. Bxe4 O-O 15. Nb6 Rb8 16. Rfb1 f6 17. Nc4 f5 18. Bxc6 Nxc6 19. Nd6 b6 20. Rb2 Rd8 21. Nxc8 Rdxc8 22. Rab1 d3 23. cxd3 Ne7 24. g3 Nd5 25. Kf1 h6 26. h4 Kf7 27. h5 Rc5 28. Nd4 Rb7 29. Ke2 Ke7 30. Nb3 Rc8 31.
Na5 Rbc7 32. Nc4 Rxc4 33. dxc4 Rxc4 34. a5 b5 0-1

[Event "*** SCC Grand Prix: Titled Tuesday Blitz"]
[Site "Chess.com"]
[Date "2020.06.09"]
[Round "9"]
[White "cassoulet"]
[Black "LuckSlayeer"]
[Result "1-0"]
[WhiteElo "2619"]
[BlackElo "2460"]
[TimeControl "180+1"]
[EndTime "10:45:49 PDT"]
[Termination "cassoulet won by resignation"]

1. e4 c5 2. Nf3 Nc6 3. Bb5 g6 4. O-O Bg7 5. Bxc6 bxc6 6. Re1 e5 7. d3 Ne7 8. Be3 d6 9. Qd2 h6 10. a3 f5 11. exf5 Nxf5 12. Nc3 O-O 13. b4 cxb4 14. axb4 Nxe3 15. Qxe3 Bg4 16. Nd2 d5 17. Qg3 Bh5 18. Ra6 Qc8 19. Ra5 Qb8 20. b5 Qb6 21. Nb3 e4 22. Ra6 Qd8 23. dxe4 d4 24. Ne2 cxb5 25.
Nf4 Be5 26. Rxg6+ Bxg6 27. Qxg6+ Bg7 28. Nh5 Qe7 29. Nxd4 Qf7 30. Qxg7+ Qxg7 31. Nxg7 Rfd8 32. Nge6 Rd6 33. e5 Rd5 34. c3 Rc8 35. Nf4 Rc7 1-0

[Event "*** SCC Grand Prix: Titled Tuesday Blitz"]
[Site "Chess.com"]
[Date "2020.06.09"]
[Round "9"]
[White "LileKoridze"]
[Black "chesslh19"]
[Result "1-0"]
[WhiteElo "2298"]
[BlackElo "2117"]
[TimeControl "180+1"]
[EndTime "10:45:49 PDT"]
[Termination "LileKoridze won on time"]

1. d4 Nf6 2. c4 e6 3. g3 d5 4. Bg2 dxc4 5. Nf3 Be7 6. O-O O-O 7.
Ne5 Nc6 8. Nxc6 bxc6 9. Na3 Bxa3 10. bxa3 Ba6 11. Qd2 Rb8 12. Rd1 Nd5 13. e4 Nb6 14. Qa5 Bb7 15. a4 Qc8 16. Ba3 Rd8 17. Rac1 c5 18.
dxc5 Nd7 19. Rxc4 Ne5 20. Rcc1 Nd3 21. Rb1 Ne5 22. Qc3 f6 23. h3 Bc6 24. Qc2 Rxb1 25.
Rxb1 Qd7 26. Qb3 Bxa4 27. Qb4 Bc6 28. Qa5 Qd3 29. Rc1 Qd2 30. Qxc7 Rf8 31. Rf1 Nd3 32.
Qxc6 Qxa2 33. Bc1 Qb1 34. Qxe6+ 1-0

[Event "*** SCC Grand Prix: Titled Tuesday Blitz"]
[Site "Chess.com"]
[Date "2020.06.09"]
[Round "9"]
[White "Nara_Kh"]
[Black "Kapibara_Warri0r"]
[Result "0-1"]
[WhiteElo "2246"]
[BlackElo "2118"]
[TimeControl "180+1"]
[EndTime "10:45:49 PDT"]
[Termination "Kapibara_Warri0r won by checkmate"]

1. e4 e5 2. Nf3 Nc6 3. Bb5 a6 4. Ba4 g6 5. O-O d6 6. c3 Bg7 7. h3 Nf6 8. d3 O-O 9. Nbd2 Nh5 10. Re1 Nf4 11. Nf1 f5 12. Bxf4 exf4 13. exf5 gxf5 14. d4 Kh8 15. N1d2 Rg8 16. Kh1 Ne7 17. Bb3 d5 18. Ne5 Bxe5 19. Rxe5 c6 20. Nf3 Ng6 21. Re1 Nh4 22. Nxh4 Qxh4 23. Qf3 Bd7 24. Re5 Rg7 25. Bc2 Rag8 26. Rg1 Rg5 27. Bd3 Bc8 28. b4 Bd7 29.
a3 Be8 30. a4 Bh5 31. g4 fxg3 32. Qxg3 Rxg3 33. fxg3 Qxh3# 0-1

[Event "*** SCC Grand Prix: Titled Tuesday Blitz"]
[Site "Chess.com"]
[Date "2020.06.09"]
[Round "9"]
[White "GjakanTati"]
[Black "BocharovD"]
[Result "0-1"]
[WhiteElo "2605"]
[BlackElo "2767"]
[TimeControl "180+1"]
[EndTime "10:45:50 PDT"]
[Termination "BocharovD won by resignation"]

1. d4 Nf6 2. c4 e6 3. Nf3 d5 4.
Nc3 c6 5. e3 Nbd7 6. Bd3 dxc4 7. Bxc4 b5 8. Bd3 a6 9. a4 Bb7 10.
e4 b4 11. Ne2 c5 12. e5 Nd5 13. a5 Be7 14. O-O Rc8 15. Ng3 O-O 16. h4 cxd4 17. Ng5 h6 18. Nh7 Re8 19. Qh5 Rxc1 20. Rfxc1 Nf4 21.
Qd1 Nxe5 22. Be4 Bxe4 23. Nxe4 d3 24. Ng3 Qd5 25. f3 Kxh7 26. Qd2 Qd4+ 27. Kh2 Nd5 28. Ne4 f5 0-1

[Event "*** SCC Grand Prix: Titled Tuesday Blitz"]
[Site "Chess.com"]
[Date "2020.06.09"]
[Round "9"]
[White "Glek_Igor"]
[Black "PavelChernomordik"]
[Result "0-1"]
[WhiteElo "2418"]
[BlackElo "2289"]
[TimeControl "180+1"]
[EndTime "10:45:50 PDT"]
[Termination "PavelChernomordik won by checkmate"]

1. e4 g6 2. d4 Bg7 3. Nc3 d6 4. f4 a6 5. Nf3 b5 6. Bd3 Nd7 7. Be3 c5 8. e5 Qc7 9. Nd5 Qd8 10.
dxc5 Nxc5 11. Bxc5 dxc5 12. Be4 Ra7 13. Qe2 Nh6 14.
O-O-O Qa5 15. Kb1 O-O 16. h3 Nf5 17. Bxf5 Bxf5 18. g4 Be6 19. f5 Bxd5 20. Rxd5 Qb6 21. Rhd1 Qc6 22. h4 c4 23. Qe3 Rc7 24. h5 b4 25. hxg6 hxg6 26. Ng5 b3 27. Qh3 bxc2+ 28. Kxc2 Re8 29. Qh7+ Kf8 30. e6 Qa4+ 31. Kc1 c3 32.
bxc3 Rxc3+ 33. Kd2 Qc2+ 34. Ke1 Re3+ 35. Kf1 Qe2+ 36. Kg1 Rg3+ 37. Kh1 Qg2# 0-1

[Event "*** SCC Grand Prix: Titled Tuesday Blitz"]
[Site "Chess.com"]
[Date "2020.06.09"]
[Round "9"]
[White "obliviate12"]
[Black "Vuk2000"]
[Result "1-0"]
[WhiteElo "2823"]
[BlackElo "2642"]
[TimeControl "180+1"]
[EndTime "10:45:51 PDT"]
[Termination "obliviate12 won by resignation"]

1. e4 e6 2. d4 d5 3. Nc3 Bb4 4. exd5 exd5 5. Bd3 Nf6 6. Ne2 Bg4 7. h3 Bh5 8. O-O Bxc3 9. bxc3 O-O 10. Bg5 Nbd7 11.
Qb1 Bxe2 12. Bxe2 Qc8 13. Bd3 Ne4 14. Bxe4 dxe4 15. Re1 Re8 16. Qb3 Nb6 17. a4 Qf5 18. Be3 Qd5 19. a5 Nc4 20. Ra4 b5 21. axb6 Nxb6 22.
Qxd5 Nxd5 23. Ra5 Nxc3 24. Bd2 c5 25. Bxc3 cxd4 26. Bxd4 a6 27. c3 Re6 28. g4 f6 29. Rb1 Rc8 30. Rb7 h6 31. Kg2 Rcc6 32. Kg3 Kh7 33. h4 Kg8 34. Ra7 Red6 35. Kf4 Re6 36.
h5 Kh7 37. Rd5 Rcd6 38. Rxd6 Rxd6 39. Kxe4 Re6+ 40. Kd5 Re2 41. c4 1-0

[Event "*** SCC Grand Prix: Titled Tuesday Blitz"]
[Site "Chess.com"]
[Date "2020.06.09"]
[Round "9"]
[White "Smile2005"]
[Black "Kolle05"]
[Result "1-0"]
[WhiteElo "2510"]
[BlackElo "2374"]
[TimeControl "180+1"]
[EndTime "10:45:51 PDT"]
[Termination "Smile2005 won by resignation"]

1. e4 c5 2. Nc3 d6 3. g3 g6 4. Bg2 Bg7 5. d3 e5 6. Nge2 Ne7 7. O-O O-O 8. f4 Nbc6 9. f5 gxf5 10. exf5 Bxf5 11. Nd5 Nxd5 12. Rxf5 Nde7 13. Rh5 Ng6 14. Nc3 Nd4 15. Bg5 Qd7 16. Rh3 Qf5 17. Qh5 h6 18. Ne4 Ne6 19. Rf1 Qxg5 20. Nxg5 Nxg5 21. Rh4 Nxh4 22. gxh4 Ne6 23. Be4 Nd4 24. c3 f5 25. Bd5+ 1-0

[Event "*** SCC Grand Prix: Titled Tuesday Blitz"]
[Site "Chess.com"]
[Date "2020.06.09"]
[Round "9"]
[White "alexsergeyev"]
[Black "mortngabriel"]
[Result "1-0"]
[WhiteElo "2368"]
[BlackElo "2454"]
[TimeControl "180+1"]
[EndTime "10:45:51 PDT"]
[Termination "alexsergeyev won on time"]

1. d4 Nf6 2. c4 e6 3. Nf3 b6 4. g3 Ba6 5. Qc2 Bb7 6. Bg2 c5 7. O-O cxd4 8. Rd1 Bc5 9. a3 a5 10.
Nbd2 a4 11. b4 axb3 12. Nxb3 O-O 13. Bb2 Nc6 14. Nfxd4 Nxd4 15. Bxd4 Bxg2 16. Kxg2 Bxd4 17. Nxd4 Qc7 18. Nb5 Qc6+ 19. f3 d5 20. Rac1 Rfc8 21. Qb2 dxc4 22. Nd6 c3 23. Nxc8 Rxc8 24. Rxc3 Qe8 25.
Rxc8 Qxc8 26. Qxb6 Nd5 27. Qd4 Qc2 28. Rd2 Qb3 29.
e4 1-0

[Event "*** SCC Grand Prix: Titled Tuesday Blitz"]
[Site "Chess.com"]
[Date "2020.06.09"]
[Round "9"]
[White "GuuBol"]
[Black "djano"]
[Result "1-0"]
[WhiteElo "2251"]
[BlackElo "2385"]
[TimeControl "180+1"]
[EndTime "10:45:51 PDT"]
[Termination "GuuBol won by resignation"]

1. e4 c5 2. d4 cxd4 3. c3 d3 4. c4 g6 5. Bxd3 Bg7 6. Nf3 Nc6 7. O-O d6 8. h3 Nf6 9. Nc3 O-O 10. Be3 b6 11. Rc1 Bb7 12. Qe2 e6 13. Rfd1 Qe8 14. Nb5 Qe7 15. Bb1 Rfd8 16. b3 a6 17. Nc3 Nd7 18. a4 Nc5 19. Qc2 Nb4 20. Qb2 Nxe4 21. Bxe4 Bxe4 22. Qe2 Bb7 23. Bxb6 Rd7 24. a5 Re8 25.
Ne4 f5 26. Nc3 Qf7 27. Qd2 d5 28. Na4 Nc6 29. Nc5 Rde7 30. cxd5 exd5 31. Nxb7 Rxb7 32. Qxd5 Nb4 33. Qd2 Bf8 34. Ng5 Qf6 35. h4 Rxb6 36.
axb6 Qxb6 37. Qd7 Re7 38. Qd4 Qb7 39. Qc4+ Kh8 40. Rd8 Kg7 41. Ne6+ Rxe6 42. Qxe6 Qb5 43. Rd7+ Kh6 44. Qe3+ 1-0

[Event "*** SCC Grand Prix: Titled Tuesday Blitz"]
[Site "Chess.com"]
[Date "2020.06.09"]
[Round "9"]
[White "quesfr"]
[Black "parnali1611"]
[Result "0-1"]
[WhiteElo "2217"]
[BlackElo "2061"]
[TimeControl "180+1"]
[EndTime "10:45:51 PDT"]
[Termination "parnali1611 won by resignation"]

1. e4 e5 2. Nf3 Nc6 3. Bb5 a6 4. Ba4 Nf6 5. O-O b5 6. Bb3 Bc5 7. c3 d6 8. d4 Bb6 9. h3 h6 10. a4 Rb8 11. Re1 O-O 12. Na3 b4 13.
Nc4 bxc3 14. bxc3 exd4 15. Nxb6 Rxb6 16. cxd4 d5 17. Ba3 Re8 18. exd5 Rxe1+ 19. Qxe1 Rxb3 20.
dxc6 Bxh3 21. Be7 Qd5 22. Bxf6 gxf6 23. Qe2 Kg7 24. Re1 Bg4 25. Qe4 Bxf3 26. gxf3 Qg5+ 27. Kh1 Qh5+ 28. Kg2 f5 29. Qe5+ Kh7 30. Qxc7 Qxf3+ 31. Kg1 Qg4+ 32. Kf1 Qh3+ 33. Kg1 Qg4+ 34. Kf1 Qh3+ 35. Kg1 Qh5 36. Qh2 Rh3 37. Qg2 Rh4 38. Re3 Qd1+ 39. Qf1 Rh1+ 40. Kxh1 Qxf1+ 41. Kh2 Qxf2+ 42. Kh1 Qxe3 43. c7 Qc1+ 0-1

[Event "*** SCC Grand Prix: Titled Tuesday Blitz"]
[Site "Chess.com"]
[Date "2020.06.09"]
[Round "9"]
[White "mr65"]
[Black "j2806"]
[Result "0-1"]
[WhiteElo "2145"]
[BlackElo "2033"]
[TimeControl "180+1"]
[EndTime "10:45:51 PDT"]
[Termination "j2806 won by resignation"]

1. e4 c5 2. d4 cxd4 3. c3 dxc3 4.
Nxc3 Nc6 5. Nf3 d6 6. Bc4 e6 7.
O-O Nf6 8. Qe2 a6 9. Rd1 Qc7 10. Bf4 Ne5 11. Bxe5 dxe5 12. Rac1 Qb8 13. Nb5 axb5 14.
Bxb5+ Bd7 15. Bxd7+ Nxd7 16. Qb5 Bd6 17. Rc3 Ra6 18.
Rcd3 Ke7 19. Nxe5 Nxe5 20. R3d2 Ng6 21. f4 Nxf4 22. e5 Bxe5 23. Rd7+ Kf6 24. Rxb7 Qa8 25. Rdd7 Rf8 26. g3 Nd5 27. Qf1+ Kg6 28. Rxf7 Bd4+ 29. Kh1 Bf6 30. Qd3+ Kh6 31. Qd2+ Bg5 32.
Qg2 Rxf7 33. Rxf7 Ne3 34. Qxa8 Rxa8 0-1

[Event "*** SCC Grand Prix: Titled Tuesday Blitz"]
[Site "Chess.com"]
[Date "2020.06.09"]
[Round "9"]
[White "StephenDedalus83"]
[Black "TregubovP"]
[Result "1-0"]
[WhiteElo "2736"]
[BlackElo "2565"]
[TimeControl "180+1"]
[EndTime "10:45:53 PDT"]
[Termination "StephenDedalus83 won by resignation"]

1. e4 e6 2. d4 d5 3. Nc3 Bb4 4. e5 c5 5. a3 Ba5 6. b4 cxd4 7. Qg4 Kf8 8. bxa5 dxc3 9. Nf3 Nc6 10. Bd3 f6 11.
Bf4 fxe5 12. Nxe5 Qf6 13. Nxc6 bxc6 14. Qg3 Ne7 15. Be5 Qf7 16. O-O c5 17. Rfe1 c4 18.
Bf1 h5 19. Qxc3 Rh6 20. Qb4 Kg8 21. Qd6 Nf5 22. Qc5 Ba6 23. Qc6 Bb7 24. Qb5 Rf8 25.
Rab1 Bc8 26. Qc5 h4 27. Rb8 Qd7 28. Rd1 Rg6 29. Bxc4 h3 30. g3 Nh4 31. Be2 Rg5 32.
f4 Rxe5 33. fxe5 Ng6 34. Bb5 Qf7 35. Rf1 1-0

[Event "*** SCC Grand Prix: Titled Tuesday Blitz"]
[Site "Chess.com"]
[Date "2020.06.09"]
[Round "9"]
[White "crazy_but_lazy"]
[Black "KNVB"]
[Result "0-1"]
[WhiteElo "2418"]
[BlackElo "2681"]
[TimeControl "180+1"]
[EndTime "10:45:54 PDT"]
[Termination "KNVB won by resignation"]

1. d4 b6 2. c4 Bb7 3. Nc3 e6 4. e4 Bb4 5. Bd3 f5 6. Qe2 Nf6 7. Bg5 h6 8. Bxf6 Qxf6 9. e5 Qh4 10. Nf3 Bxf3 11. Qxf3 Nc6 12. d5 Nxe5 13. Qe2 Qd4 14. Rd1 Bxc3+ 15. bxc3 Qxc3+ 16. Kf1 O-O-O 17. g3 Nxd3 18.
Rxd3 Qxc4 19. Kg2 Qe4+ 20. Qxe4 fxe4 21. Rd4 exd5 22. Rxd5 Rhe8 23. Rc1 c6 24. Rd6 Kc7 25. Rcd1 Re6 26. R6d4 d5 27. h4 h5 28. R1d2 b5 29.
a4 a6 30. axb5 axb5 31. Ra2 Kb6 32. Rc2 c5 33. Rd1 c4 34. Re1 Kc5 35. Rxc4+ 0-1

[Event "*** SCC Grand Prix: Titled Tuesday Blitz"]
[Site "Chess.com"]
[Date "2020.06.09"]
[Round "9"]
[White "DACF2905"]
[Black "Savva09022009"]
[Result "1-0"]
[WhiteElo "2242"]
[BlackElo "2398"]
[TimeControl "180+1"]
[EndTime "10:45:54 PDT"]
[Termination "DACF2905 won by resignation"]

1. d4 Nf6 2. c4 e6 3. Nc3 Bb4 4. f3 c5 5. d5 b5 6. e4 O-O 7. e5 Ne8 8. d6 f6 9. exf6 Nxf6 10. Bd3 bxc4 11. Bxc4 Nc6 12. Ne2 Ne5 13. Bd3 Nxd3+ 14. Qxd3 a5 15. a3 Ba6 16. Qe3 Nd5 17. Qf2 Bxe2 18.
axb4 Ba6 19. b5 Nxc3 20. bxa6 Nb5 21. Qxc5 Qb8 22. Rxa5 Nxd6 23. a7 Qd8 24. Bg5 Nb7 25.
Bxd8 Nxc5 26. Rxc5 Rfxd8 27. Rc7 Kf7 28. Kd2 Ke7 29. b4 Kd6 30. Rhc1 Re8 31. b5 e5 32. b6 Rf8 33. Ke3 Ke6 34. Ra1 Kd6 35. Rd1+ Ke6 36.
Rdxd7 e4 37. Re7+ Kd6 38. Rf7 Rfe8 39. fxe4 g5 40. Rf6+ Ke5 41. Rf5+ Ke6 42. Rxg5 Kf6 43. Ra5 Re6 44. b7 Rae8 45. Rc4 1-0

[Event "*** SCC Grand Prix: Titled Tuesday Blitz"]
[Site "Chess.com"]
[Date "2020.06.09"]
[Round "9"]
[White "kingmonkey2006"]
[Black "zajka-molotok"]
[Result "1-0"]
[WhiteElo "2571"]
[BlackElo "2385"]
[TimeControl "180+1"]
[EndTime "10:45:57 PDT"]
[Termination "kingmonkey2006 won by resignation"]

1. e4 d6 2. d4 Nf6 3. Nc3 c6 4. Nf3 Bg4 5. Be2 e6 6. O-O Be7 7. h3 Bxf3 8. Bxf3 d5 9. e5 Nfd7 10. Ne2 O-O 11. g3 c5 12. c3 Nc6 13. Bg2 Qb6 14. a3 Rac8 15. b4 cxd4 16. cxd4 a5 17. bxa5 Nxa5 18. Qa4 Rfd8 19. Be3 Nc4 20. Rab1 Qc6 21.
Qb3 Nxa3 22. Ra1 Nc4 23. f4 g6 24. g4 Qb6 25. Qd3 Nxe3 26. Qxe3 Rc2 27. f5 Qb2 28. Bf3 Rdc8 29. Rab1 Qa2 30. Rxb7 R8c7 31. Rxc7 Rxc7 32. Nf4 Bg5 33. h4 Bxf4 34. Qxf4 Nf8 35. f6 Qb2 36. Qh6 Qxd4+ 37. Kh1 1-0

[Event "*** SCC Grand Prix: Titled Tuesday Blitz"]
[Site "Chess.com"]
[Date "2020.06.09"]
[Round "9"]
[White "BillieKimbah"]
[Black "Sanan_Sjugirov"]
[Result "1-0"]
[WhiteElo "2869"]
[BlackElo "2779"]
[TimeControl "180+1"]
[EndTime "10:46:00 PDT"]
[Termination "BillieKimbah won on time"]

1. e4 c5 2. Nf3 d6 3. d4 cxd4 4.
Nxd4 Nf6 5. Nc3 a6 6. h4 e5 7. Nb3 Be7 8. Bg5 Nbd7 9. a4 b6 10. Bc4 Bb7 11. Qe2 O-O 12. O-O h6 13. Bxf6 Nxf6 14. Rfd1 Qc7 15. Nd2 Rfc8 16. Bb3 Bc6 17. Nc4 Nxe4 18. Nxe4 d5 19. Ne3 dxe4 20. Qg4 Bf8 21.
Nd5 Qb7 22. Nf6+ Kh8 23. Nd7 e3 24. fxe3 Bc5 25. Nxe5 Bxe3+ 26. Kh1 Be8 27. Rf1 Rc7 28. Rf3 Bc5 29. Raf1 f6 30. Rxf6 1-0

[Event "*** SCC Grand Prix: Titled Tuesday Blitz"]
[Site "Chess.com"]
[Date "2020.06.09"]
[Round "9"]
[White "Shoooting_Star"]
[Black "Gennady_Kozlov"]
[Result "0-1"]
[WhiteElo "2695"]
[BlackElo "2574"]
[TimeControl "180+1"]
[EndTime "10:46:01 PDT"]
[Termination "Gennady_Kozlov won by resignation"]

1. d4 e6 2. c4 b6 3. e4 Bb7 4. Bd3 f5 5. exf5 Bb4+ 6. Kf1 Nf6 7. Nf3 O-O 8. a3 Bd6 9. Nc3 exf5 10. Bxf5 Nc6 11. Bg5 Ne7 12. Bxf6 Rxf6 13. Be4 c6 14. c5 Bc7 15. b4 d5 16. Bd3 Qf8 17. Qd2 Ng6 18.
Bxg6 hxg6 19. Re1 Ba6+ 20. Kg1 Rxf3 21. gxf3 Qxf3 22. Ne2 Rf8 23. Ng3 Bf4 24. Qd1 Qxa3 25. Qg4 Qxb4 26. Re7 Qxd4 27. Qe6+ Kh7 28. cxb6 axb6 29.
Kg2 Bg5 30. Qh3+ Bh6 31. Rhe1 Qxf2+ 32. Kh1 d4 33. Ra1 Bc4 34. Ne4 Bd5 35. Qg2 Qxg2+ 36. Kxg2 Rf4 37. Re1 d3 38. Kg3 Bxe4 39. R7xe4 d2 0-1

[Event "*** SCC Grand Prix: Titled Tuesday Blitz"]
[Site "Chess.com"]
[Date "2020.06.09"]
[Round "9"]
[White "Quattroporte300"]
[Black "Sueetin"]
[Result "1-0"]
[WhiteElo "2240"]
[BlackElo "2349"]
[TimeControl "180+1"]
[EndTime "10:46:01 PDT"]
[Termination "Quattroporte300 won by resignation"]

1. e4 e6 2. d4 d5 3. Nd2 Be7 4.
Bd3 c5 5. c3 cxd4 6. cxd4 dxe4 7.
Nxe4 Nf6 8. Nf3 Nxe4 9. Bxe4 Bb4+ 10. Bd2 Bxd2+ 11. Qxd2 Nd7 12. O-O Nf6 13. Bd3 O-O 14. Rac1 b6 15. Ne5 Bb7 16. Bb1 Qd5 17. f3 Rac8 18. Rfd1 Rxc1 19. Rxc1 Rc8 20. Rd1 Qb5 21. a3 Qb3 22. Kf2 Bd5 23. Rc1 Rf8 24. Rc3 Qb5 25.
Rc7 a5 26. Qc2 a4 27. g4 Bb3 28. Qd2 g6 29. h4 Qd5 30. g5 Qd6 31. gxf6 Qxc7 32. Qh6 1-0

[Event "*** SCC Grand Prix: Titled Tuesday Blitz"]
[Site "Chess.com"]
[Date "2020.06.09"]
[Round "9"]
[White "Tesla37"]
[Black "chito89"]
[Result "0-1"]
[WhiteElo "2914"]
[BlackElo "2778"]
[TimeControl "180+1"]
[EndTime "10:46:02 PDT"]
[Termination "chito89 won by resignation"]

1. e4 Nc6 2. Nf3 d6 3. d4 Nf6 4. Nc3 Bg4 5. Be3 e6 6. h3 Bh5 7. Qe2 d5 8. e5 Ne4 9. g4 Bg6 10.
Bg2 Bb4 11. O-O Nxc3 12. bxc3 Bxc3 13. Rab1 Ba5 14. Rxb7 Bb6 15. Qb5 Qd7 16. c4 Na5 17. Qa6 Nxb7 18. Qxb7 O-O 19. c5 Bd3 20. cxb6 Bxf1 21.
Bxf1 axb6 22. a4 Rxa4 23. Ba6 Ra1+ 24. Kg2 Qa4 25. Bd3 Qd1 26. Bd2 Ra3 27. Be4 dxe4 28. Qxe4 Rxf3 0-1

[Event "*** SCC Grand Prix: Titled Tuesday Blitz"]
[Site "Chess.com"]
[Date "2020.06.09"]
[Round "9"]
[White "jacky72"]
[Black "MomchilPetkov"]
[Result "1-0"]
[WhiteElo "2688"]
[BlackElo "2540"]
[TimeControl "180+1"]
[EndTime "10:46:02 PDT"]
[Termination "jacky72 won on time"]

1. Nc3 d5 2. d4 c6 3. Bf4 Nf6 4.
Qd3 g6 5. f3 Bg7 6. e4 dxe4 7.
fxe4 Nh5 8. Be3 e5 9. d5 O-O 10. O-O-O Nf4 11. Qd2 cxd5 12. Nxd5 Nxd5 13. Qxd5 Nc6 14.
Qxd8 Rxd8 15. Rxd8+ Nxd8 16. Bc4 Be6 17. Bxe6 Nxe6 18. Nf3 a6 19. Rd1 Rd8 20. Rxd8+ Nxd8 21. c4 Ne6 22. Kc2 f5 23. Kd3 Kf7 24. b4 f4 25.
Bb6 g5 26. a4 g4 27. Ne1 Bf6 28. c5 h5 29. a5 Nd4 30. Nc2 Nxc2 31. Kxc2 h4 32. b5 f3 33. gxf3 g3 34. hxg3 h3 35. c6 h2 36. cxb7 h1=Q 37. b8=Q Qg2+ 38. Kc3 Qxf3+ 39. Kd2 Bg5+ 40. Ke1 Qxe4+ 41. Kf2 Qc2+ 42. Kf3 Qf5+ 43. Kg2 Qe4+ 44. Kh3 Qf5+ 45. Kh2 Qc2+ 46.
Kg1 Qb1+ 47. Kf2 Qxb5 48. Qc7+ Be7 49. g4 Ke6 50. Qc2 Kd7 51. g5 Qb4 52. Qf5+ Ke8 53.
Qg6+ Kd7 54. Qd3+ Ke8 55. g6 Qf4+ 56. Ke2 e4 57. Qh3 Qg4+ 58. Qxg4 1-0